 Dungeon Crawl Stone Soup version 0.31.0-11-ge490571c62 (webtiles) character file.

Game seed: 17231152213864722912

44 qw the Shooter (level 3, 0/20 HPs)
             Began as a Deep Elf Hunter on Feb 4, 2024.
             Slain by a ribbon worm (1 damage)
             ... on level 2 of the Dungeon.
             The game lasted 00:00:04 (925 turns).

qw the Shooter (Deep Elf Hunter)                     Turns: 925, Time: 00:00:04

Health: 0/20       AC:  7    Str: 10    XL:     3   Next: 41%
Magic:  5/5        EV:  5    Int: 13    God:
Gold:   68         SH:  0    Dex: 18    Spells: 2/2 levels left

rFire   . . .        a - +0 shortbow
rCold   . . .        (shield currently unavailable)
rNeg    . . .        l - +0 scale mail
rPois   .            (no helmet)
rElec   .            m - +0 cloak
rCorr   .            (no gloves)
SInv    .            (no boots)
Will    .....        (no amulet)
Stlth   +            (no ring)
HPRegen 0.23/turn    (no ring)
MPRegen 0.09/turn

%: no passive effects
@: held
A: no striking features
a: no special abilities


You were on level 2 of the Dungeon.
You visited 1 branch of the dungeon, and saw 2 of its levels.

You collected 68 gold pieces.


   Skills:
 - Level 1.5 Fighting
 + Level 7.0 Ranged Weapons
 - Level 2.4 Dodging
 - Level 1.2 Stealth


You had 2 spell levels left.
You didn't know any spells.
Your spell library was empty.

Inventory:

Hand Weapons
 a - a +0 shortbow (weapon)
Armour
 d - a +0 ring mail
 l - a +0 scale mail (worn)
 m - a +0 cloak (worn)
Scrolls
 b - a scroll of identify
 c - a scroll of noise {unknown}
Potions
 h - a potion of curing {unknown}
 j - a potion of enlightenment {unknown}
 k - a potion of haste {unknown}

Dungeon Overview and Level Annotations

Branches:
Dungeon (2/15)

Altars:


Message History

The ribbon worm expels a string of sticky webbing.
The stream of webbing hits you but does no damage.
You are caught in a web!
The ribbon worm bites you but does no damage.
The ribbon worm bites you but does no damage.
The ribbon worm expels a string of sticky webbing.
The stream of webbing hits you but does no damage.
You are even more entangled.
The ribbon worm bites you.
The ribbon worm bites you but does no damage.
The ribbon worm bites you!
The ribbon worm expels a string of sticky webbing.
The stream of webbing misses you. The ribbon worm bites you.
The ribbon worm barely misses you.
You shoot an arrow. The arrow hits the ribbon worm.
The ribbon worm is lightly wounded.
The ribbon worm expels a string of sticky webbing.
The stream of webbing hits you but does no damage.
You are caught in a web!
The ribbon worm bites you. The ribbon worm bites you.
The ribbon worm expels a string of sticky webbing.
The stream of webbing hits you but does no damage.
You are even more entangled.
The ribbon worm bites you but does no damage.
The ribbon worm completely misses you. The ribbon worm barely misses you.
The ribbon worm bites you.
The ribbon worm expels a string of sticky webbing.
The stream of webbing hits you but does no damage.
You are even more entangled.
The ribbon worm bites you but does no damage.
You shoot an arrow.
The arrow completely misses the ribbon worm.
The ribbon worm expels a string of sticky webbing.
The stream of webbing hits you but does no damage.
You are caught in a web!
The ribbon worm bites you.
You die...

#####...............>....).......
############.####.########... #.#
#...### #.## #.# ###...# #.# #.#
###.# #.# #.# #.## #.# #.# #..#
#.# #.# ##.###.# #@# #####%..#.#
.......w.# #.........##
.........# #.......(...
.......... #.........#.
?.......... #.........##
#######.....#.........#
#.(...#.........#
#.....#....<....# #########.#


You could see a ribbon worm (catching breath).

Vanquished Creatures
  2 adders (D:2)
  A bat (D:2)
  3 endoplasms
  2 giant cockroaches (D:1)
  2 goblins
  3 quokkas
  2 ball pythons
  3 frilled lizards
  2 kobolds
  7 rats
27 creatures vanquished.

Notes
Turn   | Place    | Note
-------+----------+-------------------------------------------
     0 | D:1      | qw the Deep Elf Hunter began the quest for the Orb.
     0 | D:1      | Reached XP level 1. HP: 12/12 MP: 3/3
     0 | D:1      | 0 ||| qw: Version: 0.3-a-160-g6735b56
     0 | D:1      | 0 ||| qw: Game counter: 4705
     0 | D:1      | 0 ||| qw: Melee chars always use a shield: true
     0 | D:1      | 0 ||| qw: God list: Okawaru
     0 | D:1      | 0 ||| qw: Allow faded altars: false
     0 | D:1      | 0 ||| qw: Do Orc after clearing Dungeon:15 true
     0 | D:1      | 0 ||| qw: Do second Lair branch before Depths: true
     0 | D:1      | 0 ||| qw: Lair rune preference: random
     0 | D:1      | 0 ||| qw: Goals: Normal
     0 | D:1      | 0 ||| PLANNING D:1-11
   202 | D:1      | Reached skill level 6 in Ranged Weapons
   202 | D:1      | Reached XP level 2. HP: 16/16 MP: 4/4
   434 | D:1      | 434 ||| UPGRADING to +0 scale mail.
   444 | D:1      | 444 ||| DROPPING +0 leather armour.
   445 | D:1      | 445 ||| UPGRADING to +0 cloak.
   450 | D:1      | 450 ||| DROPPING +6 ring of intelligence.
   451 | D:1      | 451 ||| READING scroll labelled EREEWA HERCHA.
   451 | D:1      | 451 ||| IDENTIFYING fizzy purple potion
   452 | D:1      | 452 ||| READING scroll labelled ONYFAA NENGAP.
   453 | D:1      | 453 ||| READING scroll labelled MISSER ZABYO.
   456 | D:1      | 456 ||| DROPPING scroll of butterflies.
   690 | D:2      | HP: 3/16 [adder (3)]
   691 | D:2      | 691 ||| DRINKING potion of heal wounds.
   693 | D:2      | Reached XP level 3. HP: 16/20 MP: 5/5
   828 | D:2      | Reached skill level 7 in Ranged Weapons
   910 | D:2      | HP: 5/20 [ribbon worm (2)]
   914 | D:2      | HP: 1/20 [ribbon worm (3)]
   921 | D:2      | HP: 1/20 [ribbon worm (2)]
   925 | D:2      | Slain by a ribbon worm

Levels and vault maps discovered:
D:1:      beargit_arrival_greenhouse, layout_rooms
D:2:      layout_basic, corner_web_ring, minmay_misc_feat_iff

Skill      XL: |  1  2  3 |
---------------+----------+-----
Ranged Weapons | 6 7 |  7.0
Fighting       | |  1.5
Dodging        | |  2.4
Stealth        | |  1.2

Action                     || total
---------------------------++-------
   Fire: Shortbow          ||    81
    Use: Scroll            ||     3
         Potion            ||     1
 Armour: Leather armour    ||     1
         Scale mail        ||    51
  Dodge: Dodged            ||    33

Table legend:
 A = Non-vault XP
 B = Vault XP
 C = Vault XP percentage of total XP
 D = Non-vault monster count
 E = Vault monster count
 F = Vault count percentage of total count
                 A         B        C        D         E       F
            +---------+---------+-------+---------+---------+-------
      Total |      64 |       0 |   0.0 |      27 |       0 |   0.0
            +---------+---------+-------+---------+---------+-------
        D:1 |      20 |       0 |   0.0 |      15 |       0 |   0.0
        D:2 |      44 |       0 |   0.0 |      12 |       0 |   0.0
            +---------+---------+-------+---------+---------+-------
